Map: Defender's Landing LE

Players

Ziggy - Winner!

  • Race: Terran Terran
  • League: Grandmaster
  • Spawn Location: 1:00

PenguiN

  • Race: Zerg Zerg
  • Spawn Location: 7:00

VOD

Have the link to the VOD?

Description

Time

  • Played on: June 13, 2017, 1:33 p.m.
  • Length: 13:14
Show
View Real Time Build Order
Export as new Build Order

Ziggy Terran - Winner!

Build Orders: Bio Tank 

Get SALT Encoding   

  12  0:00  SCV  
  13  0:13  SCV  
  14  0:19  Supply Depot  
  14  0:25  SCV  
  15  0:40  SCV  
  15  0:41  Barracks  
  16  0:45  Refinery  
  16  0:53  SCV  
  17  1:03  Barracks  
  17  1:05  SCV  
  18  1:17  SCV  
  19  1:28  Reaper  
  19  1:29  Orbital Command  
  20  1:38  Barracks  
  20  1:44  Refinery  
  20  1:50  Reaper  
  21  1:55  Supply Depot  
  21  1:58  SCV  
  22  2:04  Reaper  
  23  2:17  SCV  
  24  2:22  Reaper  
  24  2:25  Reaper  
  24  2:29  SCV  
  27  2:36  Reaper  
  28  2:44  Command Center  
  28  2:55  Reaper  
  29  3:04  Reaper  
  30  3:09  Supply Depot, Reaper  
  31  3:29  Barracks Tech Lab  
  31  3:31  SCV  
  32  3:38  Command Center  
  33  3:43  Barracks Tech Lab, Factory  
  33  3:44  Barracks Reactor  
  33  3:45  SCV  
  33  3:49  Marine  
  34  3:58  SCV  
  34  3:59  Stimpack  
  35  4:07  Orbital Command, Marine  
  36  4:11  Marine  
  36  4:15  SCV  
  38  4:25  Marine  
  38  4:26  Marine  
  38  4:27  Factory Tech Lab, SCV  
  38  4:29  Marine  
  42  4:34  Starport  
  42  4:38  SCV  
  43  4:39  SCV  
  43  4:42  Marine  
  45  4:50  Siege Tank, SCV  
  50  4:52  SCV  
  50  4:54  Marine  
  50  4:56  Marine  
  52  5:03  SCV x2  
  53  5:08  Marauder  
  53  5:10  Marine  
  53  5:11  SCV  
  59  5:14  Marauder  
  59  5:15  Starport Reactor  
  59  5:19  Marine  
  59  5:24  SCV x2  
  59  5:26  Siege Tank  
  64  5:30  Refinery  
  61  5:43  Marauder, Marine x2  
  61  5:44  Marine  
  61  5:46  Orbital Command  
  58  6:00  Marine  
  58  6:01  Marine  
  58  6:02  Marine  
  58  6:03  SCV x2  
  49  6:04  Marine  
  41  6:12  SCV  
  41  6:15  SCV  
  35  6:18  Marine x2  
  35  6:20  Marine  
  35  6:22  Marine  
  35  6:25  Siege Tank  
  35  6:29  SCV x2  
  37  6:33  SCV  
  37  6:36  Marine x2  
  37  6:38  Marine  
  41  6:40  Marine  
  41  6:41  SCV x2  
  41  6:45  SCV  
  45  6:53  SCV  
  45  6:54  Marine x2, SCV  
  47  6:56  Marine  
  47  6:58  Marine  
  47  7:00  SCV  
  52  7:02  Refinery  
  52  7:05  Refinery  
  52  7:06  Siege Tank, SCV  
  56  7:09  SCV  
  56  7:12  SCV  
  58  7:18  SCV  
  59  7:23  Barracks, SCV  
  59  7:24  Barracks  
  59  7:29  SCV  
  61  7:30  Medivac, SCV  
  61  7:36  SCV  
  65  7:42  SCV  
  66  7:45  Combat Shields, Marine x3  
  69  7:54  Supply Depot  
  69  7:55  Marine, SCV  
  69  7:56  Siege Tank  
  74  8:05  Marine x3  
  77  8:13  Supply Depot  
  77  8:16  Marauder, Marine  
  77  8:17  Supply Depot  
  80  8:28  Marine  
  80  8:29  Siege Tank  
  80  8:31  SCV  
  76  8:37  SCV  
  76  8:39  Marine  
  73  8:43  SCV  
  73  8:47  Medivac  
  76  8:53  SCV  
  76  8:55  Marine x2  
  79  8:56  SCV  
  79  8:58  Marine  
  81  9:05  SCV  
  81  9:07  Orbital Command  
  81  9:08  SCV  
  83  9:12  Marine x2  
  83  9:13  Marauder  
  84  9:18  Medivac  
  84  9:21  SCV x2  
  88  9:26  Marine x2  
  90  9:33  SCV  
  90  9:34  Marine x2  
  93  9:42  Supply Depot x2  
  93  9:43  Marauder  
  95  9:47  Siege Tank  
  98  9:53  Engineering Bay  
  98  9:56  Barracks Reactor  
  98  9:58  Engineering Bay, SCV  
  99  10:06  Marine x2  
  101  10:07  Marauder  
  104  10:16  Marine  
  104  10:18  Barracks Reactor  
  104  10:23  Siege Tank  
  104  10:24  Marine x2  
  109  10:28  Supply Depot  
  109  10:29  Marauder, Terran Infantry Weapons Level 1  
  109  10:30  Terran Infantry Armor Level 1  
  109  10:34  Marine x2  
  113  10:47  Medivac x2  
  117  10:50  Marine x4  
  117  10:51  Marine  
  122  10:58  Supply Depot x2, Siege Tank  
  125  11:16  Marauder  
  125  11:19  Marine x3  
  125  11:20  Marauder  
  125  11:22  Marine x2  
  131  11:32  Siege Tank  
  120  11:36  SCV  
  120  11:37  Armory, SCV x2  
  120  11:38  Barracks x2  
  123  11:42  Marine  
  124  11:47  Marine x5  
  124  11:48  SCV  
  124  11:49  SCV  
  124  11:52  SCV  
  132  11:56  Supply Depot  
  132  11:57  Refinery  
  132  11:59  Liberator x2  
  132  12:01  SCV x2  
  134  12:04  Marine x3, Siege Tank  
  134  12:05  Marine  
  137  12:12  Marine x4  
  133  12:21  Marine  
  133  12:22  Marauder x2  
  144  12:24  Marine x2  
  146  12:30  Marine  
  144  12:41  Marine x2  
  144  12:43  Marauder x2  
  149  12:45  Marine  
  149  12:46  Marine x4  
Show
View Real Time Build Order
Export as new Build Order

PenguiN Zerg 

Build Orders: Pool First, Roach Nydus 

Get SALT Encoding   

  12  0:01  Drone  
  13  0:12  Overlord  
  13  0:17  Drone  
  14  0:30  Drone  
  14  0:31  Drone  
  14  0:35  Drone  
  17  0:44  Spawning Pool  
  17  0:48  Drone  
  17  0:55  Extractor  
  17  0:56  Drone  
  17  1:06  Drone  
  18  1:18  Hatchery  
  17  1:20  Drone  
  18  1:31  Queen  
  20  1:42  Roach Warren  
  20  1:46  Zergling x2  
  20  1:50  Drone  
  20  1:53  Drone  
  22  2:00  Overlord  
  22  2:18  Queen  
  24  2:24  Roach x2  
  28  2:30  Roach  
  28  2:33  Roach  
  32  2:40  Roach  
  32  2:43  Overlord  
  34  2:47  Roach  
  35  3:02  Drone x4  
  40  3:05  Drone  
  40  3:15  Overlord, Drone  
  41  3:26  Drone x2  
  43  3:31  Ravager  
  43  3:33  Queen  
  46  3:35  Drone x2  
  46  3:41  Overlord  
  48  3:46  Lair  
  48  3:49  Drone  
  48  3:51  Drone  
  48  3:54  Drone  
  51  3:56  Drone  
  51  4:00  Drone x2  
  54  4:03  Drone x2  
  54  4:08  Extractor x2  
  56  4:10  Roach  
  56  4:13  Overlord  
  56  4:22  Roach x2, Extractor  
  56  4:23  Overlord  
  59  4:35  Queen  
  61  4:48  Nydus Network  
  61  4:50  Roach  
  61  4:51  Queen, Roach  
  66  4:53  Roach  
  68  5:05  Roach  
  68  5:06  Roach x2  
  72  5:09  Overlord  
  72  5:26  Nydus Canal  
  72  5:27  Roach x2  
  72  5:28  Roach x2  
  78  5:31  Roach  
  78  5:40  Roach x2  
  78  5:42  Roach  
  80  5:49  Ravager  
  79  5:50  Ravager  
  79  5:53  Roach x2  
  83  5:57  Overlord  
  83  6:04  Roach  
  81  6:08  Roach x2  
  67  6:14  Roach  
  67  6:17  Roach  
  60  6:20  Roach  
  60  6:24  Roach  
  49  6:36  Drone x2  
  49  6:38  Ravager  
  49  6:39  Ravager  
  53  6:42  Queen  
  53  6:44  Ravager x4  
  59  6:57  Roach x2  
  59  6:58  Roach x2  
  59  7:00  Overseer  
  67  7:05  Roach  
  69  7:10  Roach  
  71  7:20  Roach x2  
  75  7:29  Roach x4  
  83  7:30  Ravager  
  84  7:43  Nydus Canal  
  84  7:44  Overlord  
  84  7:45  Ravager  
  84  7:46  Ravager  
  84  7:48  Roach  
  84  7:51  Roach  
  90  8:02  Roach  
  92  8:11  Nydus Canal  
  88  8:15  Roach x5  
  98  8:22  Roach  
  100  8:29  Nydus Canal  
  100  8:39  Overlord  
  76  8:43  Roach x3  
  76  8:47  Roach x3  
  88  8:52  Roach  
  88  8:54  Roach  
  89  9:11  Infestation Pit  
  82  9:19  Hatchery  
  77  9:25  Drone x3  
  77  9:29  Drone x2  
  82  9:44  Drone x3  
  85  9:46  Drone x2  
  85  9:52  Infestor x2  
  89  9:58  Infestor  
  93  10:01  Infestor  
  93  10:05  Infestor  
  97  10:10  Overlord  
  97  10:24  Glial Reconstitution  
  97  10:33  Roach x4  
  97  10:35  Overlord  
  105  10:40  Overlord  
  105  10:48  Roach x2  
  106  11:01  Drone x8  
  114  11:10  Overlord  
  114  11:11  Overlord  
  112  11:29  Drone x10  
  118  11:38  Evolution Chamber  
  118  11:39  Evolution Chamber  
  116  11:43  Queen  
  116  11:46  Extractor x2  
  116  11:49  Burrow  
  116  11:50  Overlord  
  116  11:51  Overlord  
  116  11:59  Ravager x4  
  120  12:02  Roach  
  120  12:12  Drone  
  119  12:16  Drone x2, Spine Crawler  
  119  12:20  Infestor x2  
  119  12:21  Infestor  
  126  12:23  Ravager  
  126  12:24  Ravager  
  126  12:26  Queen  
  130  12:31  Overlord x2  
  123  12:43  Roach x2  
  123  12:44  Roach x3  
  118  12:48  Roach x2  
Tags
 
Composition
Bio Tank
Matchup
TvZ
Opening
Pool First
Player
Ziggy
Spawn Locations
Cross Positions
Strategy
Roach Nydus
Add a new tag
Caveats
  • Supply blocks, unpowered buildings, or Contaminate may cause inaccurate times.
  • Supply counts are checked every 10 seconds.